 Dungeon Crawl Stone Soup version 0.31-a0-303-gdc8c9485ea (webtiles) character file.

Game seed: 8369380020605401256

64 cforsyth the Ruffian (level 4, -10/40 HPs)
             Began as a Meteoran Shapeshifter on July 15, 2023.
             Was an Initiate of Makhleb.
             Mangled by a gnoll
             ... wielding a +0 halberd
              (12 damage)
             ... on level 5 of the Dungeon on July 16, 2023.
             The game lasted 00:05:58 (1031 turns).

cforsyth the Ruffian (Meteoran Shapeshifter)        Turns: 1031, Time: 00:05:59

Health: -10/40     AC:  5    Str: 18    XL:     4   Next: 58%
Magic:  5/5        EV:  6    Int: 10    God:    Makhleb [......]
Gold:   43         SH:  0    Dex: 14    Spells: 3/3 levels left

rFire   . .          .
                       - Unarmed
rCold   . . .        (no shield)
rNeg    . . .        j - +0 steam dragon scales
rPois   .            (helmet currently unavailable)
rElec   .            (cloak currently unavailable)
rCorr   .            (gloves currently unavailable)
SInv    .            (boots currently unavailable)
Will    .....        (no amulet)
Stlth   +            (no ring)
HPRegen 0.26/turn    (no ring)
MPRegen 0.09/turn

%: no passive effects
@: beast-form, held, glowing
A: beast (slay +2), sense surroundings 1, otherworldly, glowing, explore regen
a: Begin Untransformation, Renounce Religion


You were on level 5 of the Dungeon.
You worshipped Makhleb.
Makhleb was noncommittal.
You were a hulking beast.
You visited 2 branches of the dungeon, and saw 6 of its levels.

You collected 43 gold pieces.

Inventory:

Armour
 a - a +0 animal skin
 j - +0 steam dragon scales (worn)
 o - a +0 pair of gloves
Talismans
 c - a beast talisman
Wands
 n - a wand of polymorph (11)
Scrolls
 d - a scroll of torment {unknown}
 f - 3 scrolls of identify {unknown}
 h - a scroll of fear {unknown}
 i - a scroll of poison {unknown}
 k - a scroll of enchant weapon {unknown}
 m - 2 scrolls of noise {unknown}
Potions
 b - a potion of lignification
 e - a potion of curing {unknown}
 g - a potion of enlightenment {unknown}
 l - a potion of invisibility {unknown}
 p - a potion of might {unknown}
 q - a potion of brilliance {unknown}


   Skills:
 + Level 3.6 Fighting
 - Level 2.4 Dodging
 + Level 4.0 Unarmed Combat
 - Level 3.6 Shapeshifting


You had 3 spell levels left.
You didn't know any spells.
Your spell library contained the following spells:

 Spells                   Type           Power      Damage    Failure   Level
 Necrotise                Necr           0%         1d4       36%         1
 Blink                    Tloc           0%         N/A       50%         2
 Vampiric Draining        Necr           0%         2d6       75%         3
 Animate Armour           Summ/Erth      0%         N/A       98%         4
 Manifold Assault         Tloc           0%         N/A       98%         4
 Summon Lightning Spire   Summ/Air       0%         N/A       98%         4
 Agony                    Necr           0%         N/A       100%        5
 Lee's Rapid Deconstruct  Erth           0%         3d4*      100%        5


Dungeon Overview and Level Annotations

Branches:
Dungeon (5/15) Zot: 2156   Temple (1/1) D:5 Zot: 417

Altars:
Ashenzari
Cheibriados
Dithmenos
Elyvilon
Fedhas
Kikubaaqudgha
Makhleb
Nemelex Xobeh
Okawaru
Qazlal
Ru
Sif Muna
Trog
Uskayaw
Vehumet
Wu Jian
Yredelemnul
Zin

Shops:
D:4 *   D:5 *


Innate Abilities, Weirdness & Mutations

You are a hulking beast.
Your limbs bulge with bestial killing power. (Slay +2)
You passively map a small area around you.
You are easily found by Zot.
You glow in the dark.
You regain HP and MP as you explore.


Message History

The gnoll shouts!
You hear a shout!
A gnoll comes into view. It is wielding a +0 flail.
The gnoll shouts! 2 gnolls come into view.
The gnoll shouts!
Okay, then.
Welcome back, cforsyth the Meteoran Shapeshifter.
Blood and souls for Makhleb!
Press ? for a list of commands and other information.
Things that are here:
a +0 chain mail; a +0 falchion; an orc corpse You completely miss the gnoll.
The gnoll hits you with a +0 flail!
You hit the gnoll.
The gnoll is moderately wounded.
You punch the gnoll!
The gnoll is severely wounded.
You closely miss the gnoll.
The gnoll is severely wounded.
The gnoll hits you with a +0 flail!
Unknown command.
You hit the gnoll.
The gnoll is almost dead.
The gnoll barely misses you.
You hit the gnoll but do no damage.
The gnoll is almost dead.
The gnoll misses you.
You hit the gnoll.
You kill the gnoll!
Makhleb accepts your kill.
The gnoll throws a throwing net.
The throwing net hits you.
You become entangled in the net!
Your Unarmed Combat skill increases to level 4!
You struggle against the net.
The gnoll hits you from afar with a +0 halberd!
You struggle against the net.
The gnoll hits you from afar with a +0 halberd!
* * * LOW HITPOINT WARNING * * *
You struggle against the net.
The gnoll hits you from afar with a +0 halberd!
You die...

#g########## #8# #........#
#####.## ......g..#
*#..8.∩<8 ..#####..#
#..###.## ..#####.g#####
#8.. ..##.......g.#
*........#
.....##..###.#####
*#.####### ....
*#......gg).# , #
..........##.###h# * * * #
#.#######.##.# #.# < ,, * #
#.##.###.# #.###.#*#.#
#.##....8####.....###.# *
#.#####.>##........##.# ,
#.......8##.#.....$##.# #
#######.###.#......##.###
##.# #.# #.#......##.##.
####...##.###.#.#....##.#..


You could see 2 gnolls.

Vanquished Creatures
  2 gnolls
  3 dart slugs
  5 orcs
  3 bats
  2 endoplasms
  2 giant cockroaches
  3 goblins
  A hobgoblin (D:3)
  4 kobolds
  A quokka (D:2)
  3 frilled lizards
  3 rats (D:1)
32 creatures vanquished.

Notes
Turn   | Place    | Note
-------+----------+-------------------------------------------
     0 | D:1      | cforsyth the Meteoran Shapeshifter began the quest for the
                  | Orb.
     0 | D:1      | Reached XP level 1. HP: 17/17 MP: 2/2
   147 | D:1      | Reached XP level 2. HP: 25/25 MP: 3/3
   181 | D:2      | Reached skill level 3 in Unarmed Combat
   222 | D:2      | Reached XP level 3. HP: 30/30 MP: 4/4
   553 | D:4      | Reached XP level 4. HP: 21/38 MP: 5/5
   585 | D:4      | Found Ponaxt's Gadget Gallery.
   640 | D:5      | Entered Level 5 of the Dungeon
   661 | D:5      | Found Annum's General Store.
   710 | D:5      | Found a staircase to the Ecumenical Temple.
   720 | Temple   | Entered the Ecumenical Temple
   819 | Temple   | Became a worshipper of Makhleb the Destroyer
   938 | D:5      | Upgraded the game from 0.31-a0-277-g31ea1f65cc to
                  | 0.31-a0-303-gdc8c9485ea
  1029 | D:5      | Reached skill level 4 in Unarmed Combat
  1030 | D:5      | HP: 2/40 [gnoll/+0 halberd (13)]
  1031 | D:5      | Mangled by a gnoll

Illustrated notes

Levels and vault maps discovered:
D:1:      lightli_arrival_chessboard, layout_basic,
          hellmonk_ecumenical_altar_watching_god, serial_park_tiny_1
D:2:      layout_rooms, serial_shops, nicolae_shop_window_shopping
D:3:      layout_basic, uniq_sigmund
D:4:      layout_loops_corners, solitary_fountain, nicolae_shop_gadgets,
          uniq_pikel
D:5:      layout_loops_corners, temple_statues, serial_shops,
          nicolae_shop_statue_plus
Temple:   minmay_crystal_snake_temple

Skill      XL: |  1  2  3  4 |
---------------+-------------+-----
Unarmed Combat | 3 4 |  4.0
Fighting       | 3 |  3.6
Dodging        | |  2.4
Shapeshifting  | |  3.6

Action                     |  1- 3 |  4- 6 || total
---------------------------+-------+-------++-------
  Melee: Unarmed           |    63 |    35 ||    98
         Punch             |     1 |     2 ||     3
 Armour: Animal skin       |    10 |       ||    10
         Steam dragon scal |     7 |     5 ||    12
  Dodge: Dodged            |    26 |    15 ||    41

Table legend: (Time is in decaauts)
 A = Elapsed time spent in this place.
 B = Non-inter-level travel time spent in this place.
 C = Inter-level travel time spent in this place.
 D = Time resting spent in this place.
 E = Time spent auto-exploring this place.
 F = Levels seen in this place.
 G = Mean time per level.
                   A        B        C        D        E       F      G
               +--------+--------+--------+--------+--------+-----+--------+
         Total |   1025 |    941 |     84 |      0 |      0 |   6 |  170.8 |
       Dungeon |    843 |    842 |      1 |      0 |      0 |   5 |  168.6 |
        Temple |    182 |     99 |     83 |      0 |      0 |   1 |  182.0 |
               +--------+--------+--------+--------+--------+-----+--------+

Top non-repeatable levels by time:
     D:5: 206 daAuts
  Temple: 182 daAuts
     D:1: 174 daAuts
     D:2: 166 daAuts
     D:4: 161 daAuts
     D:3: 133 daAuts
